 Dungeon Crawl Stone Soup version 0.27.1-3-gb3d3a73c9e (webtiles) character file.

Game seed: 15115667352871259854

149 Destapler the Magician (level 5, -6/49 HPs)
             Began as a Gnoll Wanderer on Oct 24, 2021.
             Was a Follower of Hepliaklqana.
             Mangled by an ogre (17 damage)
             ... on level 4 of the Dungeon.
             The game lasted 00:14:03 (4098 turns).

Destapler the Magician (Gnoll Wanderer)             Turns: 4098, Time: 00:14:04

Health: -6/49      AC: 26    Str: 11 (12) XL:     5   Next: 31%
Magic:  14/14      EV:  2    Int: 13 (14) God:    Hepliaklqana [*.....]
Gold:   177        SH:  0    Dex:  8 (9)  Spells: 13/18 levels left

rFire    . . .     SeeInvis .   a - +0 club
rCold    . . .     Faith    .   (no shield)
rNeg     + + +     Spirit   .   (armour currently unavailable)
rPois    +         Reflect  .   (helmet currently unavailable)
rElec    .         Harm     .   (cloak currently unavailable)
rCorr    .         Rampage  .   (gloves currently unavailable)
Will     .....     NoTele   +   (boots currently unavailable)
Stlth    +.........             (no amulet)
HPRegen  0.16/turn              l - +4 ring of protection
MPRegen  0.14/turn              (no ring)

@: tree-form (expiring)
A: stationary, stasis, torment immunity, boosted hp, reduced essence, (fangs 1),
strong nose, distributed training
a: Renounce Religion, Recall Ancestor, Ancestor Identity


You were on level 4 of the Dungeon.
You worshipped Hepliaklqana.
Hepliaklqana was aware of your devotion.
You were a tree.
You visited 1 branch of the dungeon, and saw 4 of its levels.

You collected 177 gold pieces.

Inventory:

Hand Weapons
 a - a +0 club (weapon)
Armour
 c - a +0 robe (melded)
 e - a +0 pair of gloves (melded)
 n - a +0 pair of boots (melded)
Jewellery
 l - a +4 ring of protection (left branch)
Scrolls
 f - 2 scrolls of teleportation {unknown}
 g - 5 scrolls of identify {unknown}
 j - 4 scrolls of magic mapping {unknown}
 o - a scroll of blinking {unknown}
 q - a scroll of fog {unknown}
Potions
 b - 3 potions of curing
 d - 3 potions of lignification
 h - a potion of degeneration
 k - a potion of brilliance {unknown}
 m - a potion of cancellation {unknown}
 p - a potion of flight {unknown}


   Skills:
 + Level 1.4 Fighting
 + Level 1.4 Short Blades
 + Level 1.4 Long Blades
 + Level 1.4 Axes
 + Level 1.4 Maces & Flails
 + Level 1.4 Polearms
 + Level 1.4 Staves
 + Level 1.4 Slings
 + Level 1.4 Bows
 + Level 1.4 Crossbows
 + Level 1.4 Throwing
 + Level 1.4 Armour
 + Level 1.4 Dodging
 + Level 1.4 Stealth
 + Level 2.9 Shields
 + Level 1.4 Unarmed Combat
 + Level 7.3 Spellcasting
 + Level 1.1 Conjurations
 + Level 5.5 Hexes
 + Level 1.1 Summonings
 + Level 1.1 Necromancy
 + Level 1.1 Translocations
 + Level 1.1 Transmutations
 + Level 1.1 Fire Magic
 + Level 3.9 Ice Magic
 + Level 1.1 Air Magic
 + Level 1.1 Earth Magic
 + Level 1.1 Poison Magic
 + Level 1.6 Invocations
 + Level 2.9 Evocations


You had 13 spell levels left.
You knew the following spells:

 Your Spells              Type           Power      Damage    Failure   Level
a - Magic Dart            Conj           28%        1d4       10%         1
b - Call Imp              Summ           7%         N/A       14%         2
B - Blink                 Tloc           N/A        N/A       14%         2

Your spell library contained the following spells:

 Spells                   Type           Power      Damage    Failure   Level
 Corona                   Hex            21%        N/A       1%          1
 Slow                     Hex            19%        N/A       2%          2
 Ensorcelled Hibernation  Hex/Ice        34%        N/A       3%          2
 Tukima's Dance           Hex            19%        N/A       4%          3
 Conjure Flame            Conj/Fire      7%         6-21      28%         3
 Mephitic Cloud           Conj/Pois/Air  7%         N/A       28%         3


Dungeon Overview and Level Annotations

Branches:
Dungeon (4/15)
 Temple: D:4-7

Altars:
Hepliaklqana


Innate Abilities, Weirdness & Mutations

You are a tree.
Your roots penetrate the ground, keeping you stationary.
You cannot be teleported.
You are immune to unholy pain and torment.
Your maximum health is greatly increased.
Your equipment is partially melded.
Your life essence is reduced to manifest your ancestor. (-10% HP)
((You have very sharp teeth.))
Your uncanny sense of smell can sniff out nearby items.
Your experience applies equally to all skills.


Message History

* * * LOW HITPOINT WARNING * * *
The adder bites you but does no damage.
You hit the ogre.
The ogre is moderately wounded.
The adder bites you but does no damage. The ogre completely misses you.
The adder bites you but does no damage.
You hit the ogre.
The ogre is heavily wounded.
The adder barely misses you. The ogre hits you but does no damage.
The adder bites you but does no damage.
You hit the ogre but do no damage.
The ogre is moderately wounded.
The ogre hits you with a +0 giant spiked club.
* * * LOW HITPOINT WARNING * * *
The adder bites you but does no damage.
You hit the ogre.
The ogre is heavily wounded.
The adder bites you but does no damage. The ogre hits you but does no damage.
The adder bites you but does no damage.
You hit the ogre.
The ogre is severely wounded.
The adder bites you but does no damage.
The ogre hits you with a +0 giant spiked club.
* * * LOW HITPOINT WARNING * * *
You hit the ogre.
The ogre is severely wounded.
Your transformation is almost over.
The adder completely misses you.
The ogre hits you with a +0 giant spiked club.
* * * LOW HITPOINT WARNING * * *
The adder bites you but does no damage.
You hit the ogre but do no damage.
The ogre is severely wounded.
The adder bites you but does no damage. The ogre hits you but does no damage.
The adder bites you but does no damage.
You hit the ogre but do no damage.
The ogre is severely wounded.
The adder bites you but does no damage.
The ogre hits you with a +0 giant spiked club!
You die...

# #.###.#### :
......>...
#S#........#
$#........# #
.........# ..
........#
###.####.......#
.......SO......#
.......♣#'######
####.####.# ∆
......#.#
##...#.#.# #
#.....#.# ..
...#..#.# ##.
#.##..#.# ....
#.##..#.#
##...##.##....#


You could see an ogre and an adder.

Vanquished Creatures
  An iguana (D:4)
  A dart slug (D:1)
  An orc (D:3)
  5 endoplasms
  3 giant cockroaches
  16 goblins
  12 hobgoblins
  A jackal (D:2)
  A quokka (D:1)
  9 ball pythons
  7 bats
  6 frilled lizards
  2 kobolds
  3 rats
68 creatures vanquished.

Vanquished Creatures (collateral kills)
  An orc priest (D:3)
  Robin (D:2)
  An adder (D:2)
  A worm (D:2)
  2 orcs
  A goblin (D:2)
  4 hobgoblins
  3 jackals (D:2)
14 creatures vanquished.

Vanquished Creatures (others)
  An ancestor (D:4)
  6 toadstools (D:1)
7 creatures vanquished.

Grand Total: 89 creatures vanquished

Notes
Turn   | Place    | Note
-------+----------+-------------------------------------------
     0 | D:1      | Destapler the Gnoll Wanderer began the quest for the Orb.
     0 | D:1      | Destapler set off with the following items: a +0 club, a
                  | potion of curing, a +0 robe, a potion of lignification; and
                  | the following spell memorised: Magic Dart; and the
                  | following spells available to memorise: Slow, Blink, Call
                  | Imp, Conjure Flame, Mephitic Cloud
     0 | D:1      | Reached XP level 1. HP: 13/13 MP: 8/8
   297 | D:1      | Reached XP level 2. HP: 17/19 MP: 3/10
  1176 | D:1      | Reached XP level 3. HP: 21/25 MP: 2/11
  1179 | D:1      | Learned a level 2 spell: Blink
  1183 | D:1      | Learned a level 2 spell: Call Imp
  1333 | D:2      | Noticed Robin
  1554 | D:2      | Reached skill level 1 in Invocations
  1569 | D:2      | Killed Robin
  1851 | D:2      | Reached skill level 1 in Fighting
  1851 | D:2      | Reached skill level 1 in Short Blades
  1851 | D:2      | Reached skill level 1 in Long Blades
  1851 | D:2      | Reached skill level 1 in Axes
  1851 | D:2      | Reached skill level 1 in Maces & Flails
  1851 | D:2      | Reached skill level 1 in Polearms
  1851 | D:2      | Reached skill level 1 in Staves
  1851 | D:2      | Reached skill level 1 in Slings
  1851 | D:2      | Reached skill level 1 in Bows
  1851 | D:2      | Reached skill level 1 in Crossbows
  1851 | D:2      | Reached skill level 1 in Throwing
  1851 | D:2      | Reached skill level 1 in Armour
  1851 | D:2      | Reached skill level 1 in Dodging
  1851 | D:2      | Reached skill level 1 in Stealth
  1851 | D:2      | Reached skill level 1 in Unarmed Combat
  1904 | D:2      | Reached XP level 4. HP: 32/32 MP: 7/13
  2968 | D:3      | Reached skill level 1 in Conjurations
  2968 | D:3      | Reached skill level 1 in Summonings
  2968 | D:3      | Reached skill level 1 in Necromancy
  2968 | D:3      | Reached skill level 1 in Translocations
  2968 | D:3      | Reached skill level 1 in Transmutations
  2968 | D:3      | Reached skill level 1 in Fire Magic
  2968 | D:3      | Reached skill level 1 in Air Magic
  2968 | D:3      | Reached skill level 1 in Earth Magic
  2968 | D:3      | Reached skill level 1 in Poison Magic
  3416 | D:3      | Reached XP level 5. HP: 24/37 MP: 12/14
  3811 | D:3      | Found a faded altar of an unknown god.
  3996 | D:3      | Became a worshipper of Hepliaklqana the Forgotten
  3996 | D:3      | Reached * piety under Hepliaklqana
  4062 | D:4      | Noticed an ogre
  4098 | D:4      | Mangled by an ogre

Illustrated notes

Levels and vault maps discovered:
D:1:      onia_arrival_mini_spirals, layout_basic, minmay_gold_behind_fungi
D:2:      layout_loops_cross, uniq_robin
D:3:      layout_loops_ring, shapermc_ecumenical_altar_mp_vishouse
D:4:      layout_basic

Skill      XL: |  1  2  3  4 |
---------------+-------------+-----
Invocations    | 1 |  1.6
Fighting       | 1 |  1.4
Short Blades   | 1 |  1.4
Long Blades    | 1 |  1.4
Axes           | 1 |  1.4
Maces & Flails | 1 |  1.4
Polearms       | 1 |  1.4
Staves         | 1 |  1.4
Slings         | 1 |  1.4
Bows           | 1 |  1.4
Crossbows      | 1 |  1.4
Throwing       | 1 |  1.4
Armour         | 1 |  1.4
Dodging        | 1 |  1.4
Stealth        | 1 |  1.4
Unarmed Combat | 1 |  1.4
Conjurations   | 1 |  1.1
Summonings     | 1 |  1.1
Necromancy     | 1 |  1.1
Translocations | 1 |  1.1
Transmutations | 1 |  1.1
Fire Magic     | 1 |  1.1
Air Magic      | 1 |  1.1
Earth Magic    | 1 |  1.1
Poison Magic   | 1 |  1.1
Shields        | |  2.9
Spellcasting   | |  7.3
Hexes          | |  5.5
Ice Magic      | |  3.9
Evocations     | |  2.9

Action                   |  1- 3 |  4- 6 || total
-------------------------+-------+-------++-------
Melee: Club              |    24 |    48 ||    72
       Bite              |     2 |     1 ||     3
 Cast: Magic Dart        |    85 |    92 ||   177
       Call Imp          |    11 |     6 ||    17
  Use: Potion            |       |     3 ||     3
Armor: Robe              |    12 |    22 ||    34
       Skin              |       |    63 ||    63
Dodge: Dodged            |    46 |    39 ||    85
